 Dungeon Crawl Stone Soup version 0.28-b1 (webtiles) character file.

Game seed: 5147514578312971162

280 Araneus the Cudgeller (level 6, -2/47 HPs)
             Began as a Demonspawn Fighter on Jan 26, 2022.
             Killed by divine providence
             ... invoked by an orc priest
              (12 damage)
             ... on level 3 of the Dungeon.
             The game lasted 00:07:32 (2634 turns).

Araneus the Cudgeller (Demonspawn Fighter)          Turns: 2634, Time: 00:07:33

Health: -2/47      AC:  9    Str: 19    XL:     6   Next: 5%
Magic:  6/6        EV:  9    Int:  9    God:
Gold:   74         SH:  5    Dex: 18    Spells: 5/5 levels left

rFire   . . .      SeeInvis .   d - +4 club (spect)
rCold   + . .      Faith    .   c - +0 buckler
rNeg    . . .      Spirit   .   b - +0 scale mail
rPois   +          Reflect  .   g - +0 helmet
rElec   .          Harm     .   (no cloak)
rCorr   .          Rampage  .   (no gloves)
Will    .....                   (no boots)
Stlth   ..........              (no amulet)
HPRegen 0.15/turn               i - +6 ring of dexterity
MPRegen 0.10/turn               e - ring "Vost" {rPois rC+}

@: lethally poisoned (-2 -> -7)
A: claws 1, yellow scales 1, demonic magic 1
a: no special abilities


You were on level 3 of the Dungeon.
You visited 1 branch of the dungeon, and saw 3 of its levels.

You collected 74 gold pieces.

Inventory:

Hand Weapons
 a - a +0 flail
 d - a +4 spectral club (weapon)
Armour
 b - a +0 scale mail (worn)
 c - a +0 buckler (worn)
 g - a +0 helmet (worn)
Jewellery
 e - the ring "Vost" (right claw) {rPois rC+}
   (You found it on level 2 of the Dungeon)

   [ring of protection from cold]

   rC:        It protects you from cold.
   rPois:     It protects you from poison.
 h - an amulet of regeneration
 i - a +6 ring of dexterity (left claw)
Scrolls
 f - a scroll of teleportation {unknown}
 j - 2 scrolls of identify {unknown}
 k - a scroll of enchant weapon {unknown}
 n - a scroll of enchant armour {unknown}
Potions
 l - a potion of cancellation {unknown}
 m - a potion of flight
 o - a potion of might


   Skills:
 - Level 3.0 Fighting
 + Level 5.8 Maces & Flails
 - Level 2.6 Armour
 - Level 2.6 Shields


You had 5 spell levels left.
You didn't know any spells.
Your spell library contained the following spells:

 Spells                   Type           Power      Damage    Failure   Level
 Scorch                   Fire           0%         2d5       94%         2
 Flame Wave               Conj/Fire      0%         2d4       100%        4
 Summon Cactus Giant      Summ           0%         N/A       100%        6


Dungeon Overview and Level Annotations

Branches:
Dungeon (3/15)

Altars:

Shops:
D:1 (=


Innate Abilities, Weirdness & Mutations

You have sharp fingernails.
You are partially covered in yellow scales. (AC +2)
Spells you cast may paralyse adjacent enemies.


Message History

The orc hits you but does no damage.
You barely miss the orc.
Your +4 spectral club hits the orc!
You kill the orc!
The orc priest calls down the wrath of Beogh upon you.
Beogh smites you!
An orc comes into view. It is wielding a +2 vorpal hand axe.
Items here: ( ) [ †.
You closely miss the orc priest.
Your +4 spectral club hits the orc priest!
The orc shouts!
The orc priest completely misses your +4 spectral club.
The orc priest barely misses you.
You strike the helpless orc priest from behind!
You hit the orc priest.
The orc priest is severely wounded.
Your +4 spectral club barely misses the orc priest.
The orc priest hits you with a +2 hand axe of venom.
The orc priest barely misses your +4 spectral club.
The orc priest closely misses you.
The orc priest hits your +4 spectral club with a +2 hand axe of venom.
You barely miss the orc priest.
The orc priest is severely wounded.
Your +4 spectral club barely misses the orc priest.
The orc hits you with a +0 flail.
The orc priest hits you with a +2 hand axe of venom.
You are poisoned.
The orc priest hits your +4 spectral club but does no damage.
Unknown command.
You hit the orc priest.
The orc priest is severely wounded.
Your +4 spectral club misses the orc priest.
You feel very sick. The orc hits you with a +0 flail.
* * * LOW HITPOINT WARNING * * *
The orc priest hits you but does no damage.
The orc priest hits your +4 spectral club with a +2 hand axe of venom.
You feel sick.
The orc priest invokes the aid of Beogh against you.
Beogh smites you!
You die...

#.....+.......###.
#.#.....#<..........
#.#.....#...........
#.#.....+....##...#.
#.#.....#....)....##
###.#.....##.#.#.#)##
#...+.....##.#........
##.####)#§#.....##.#+#.#####
........ooo@........ ...
##.####.#.####...... ....
#.### ........... #......#
........... ########
...........# ...


You could see an orc priest and 2 orcs.

Vanquished Creatures
  Sigmund (D:2)
  An orc priest (D:3)
  Robin (D:2)
  An adder (D:2)
  A worm (D:2)
  2 dart slugs (D:1)
  An orc (D:3)
  2 ball pythons
  9 endoplasms
  5 giant cockroaches
  14 goblins
  14 hobgoblins
  3 quokkas
  2 bats
  3 frilled lizards
  7 kobolds
67 creatures vanquished.

Notes
Turn   | Place    | Note
-------+----------+-------------------------------------------
     0 | D:1      | Araneus the Demonspawn Fighter began the quest for the Orb.
     0 | D:1      | Reached XP level 1. HP: 18/18 MP: 1/1
   126 | D:1      | Reached skill level 2 in Maces & Flails
   467 | D:1      | Gained mutation: You are partially covered in yellow
                  | scales. (AC +2) [demonic ancestry]
   467 | D:1      | Reached XP level 2. HP: 24/24 MP: 2/2
   636 | D:1      | Found Ycefytus's Jewellery Emporium.
   825 | D:1      | Reached skill level 3 in Maces & Flails
   977 | D:1      | Found a faded altar of an unknown god.
   994 | D:1      | Gained mutation: You have sharp fingernails. [demonic
                  | ancestry]
   994 | D:1      | Reached XP level 3. HP: 29/29 MP: 3/3
   994 | D:1      | Found Cagaggen's Weapon Emporium.
  1544 | D:2      | Noticed Robin
  1586 | D:2      | Killed Robin
  1608 | D:2      | Reached skill level 4 in Maces & Flails
  1608 | D:2      | Reached XP level 4. HP: 16/35 MP: 4/4
  2198 | D:2      | Noticed Sigmund
  2215 | D:2      | Killed Sigmund
  2216 | D:2      | Reached skill level 5 in Maces & Flails
  2216 | D:2      | Reached XP level 5. HP: 27/41 MP: 5/5
  2382 | D:2      | Identified the ring "Vost" {rPois rC+}
  2619 | D:3      | Gained mutation: Spells you cast may paralyse adjacent
                  | enemies. [demonic ancestry]
  2619 | D:3      | Reached XP level 6. HP: 33/47 MP: 6/6
  2634 | D:3      | Killed from afar by an orc priest

Illustrated notes

Levels and vault maps discovered:
D:1:      heliophobic_arrival_glass_houses, layout_loops_corners,
          serial_co_window_serial, co_window_of_opportunity_a,
          co_window_corner_a, co_window_paths_a, co_window_of_opportunity_a,
          co_window_corner_a, co_window_unsneaky_path_e,
          co_window_of_opportunity_b, co_window_corner_cb, co_window_corner_b,
          co_window_unsneaky_path_c, co_window_of_opportunity_b,
          glass_columns_c, glass_columns_b, glass_columns_a, glass_columns_b,
          serial_shops, nicolae_shop_bloodbath_and_beyond,
          nicolae_lakefront_shop, shapermc_ecumenical_altar_acropolis,
          dk_noncrumbling_3
D:2:      kennysheep_six_static_rooms, layout_rooms, kennysheep_boxes,
          uniq_robin, uniq_sigmund
D:3:      layout_basic

Skill      XL: |  1  2  3  4 |
---------------+-------------+-----
Maces & Flails | 2 3 4 5 |  5.8
Fighting       | |  3.0
Armour         | |  2.6
Shields        | |  2.6

Action                   |  1- 3 |  4- 6 || total
-------------------------+-------+-------++-------
Melee: Flail             |    98 |       ||    98
       Club              |     2 |    45 ||    47
  Use: Potion            |     2 |     2 ||     4
 Stab: Distracted        |       |     1 ||     1
Armor: Scale mail        |    51 |    11 ||    62
Dodge: Dodged            |    39 |    13 ||    52
Block: Buckler           |    20 |     4 ||    24
